 Dungeon Crawl Stone Soup version 0.23.2-33-g5129a83184 (webtiles) character file.

Game seed: 17628099567102707402

25767 lepoulpe303 the Unseen (level 12, -9/62 HPs)
             Began as a Spriggan Enchanter on June 27, 2019.
             Was an Initiate of Gozag.
             Mangled by Saint Roka (30 damage)
             ... on level 2 of the Orcish Mines on July 1, 2019.
             The game lasted 02:11:32 (21415 turns).

lepoulpe303 the Unseen (Spriggan Enchanter)        Turns: 21415, Time: 02:11:33

Health: -9/62      AC:  4    Str:  4    XL:     12   Next: 92%
Magic:  7/26       EV: 32    Int: 21    God:    Gozag
Gold:   2552       SH:  0    Dex: 19    Spells: 17/29 levels left

rFire    + + .     SeeInvis +   a - +3 rapier (venom)
rCold    + . .     Gourm    .   (shield restricted)
rNeg     . . .     Faith    .   K - +2 robe {rF+} {rF+}
rPois    .         Spirit   .   (helmet restricted)
rElec    .         Reflect  .   B - scarf {rC+ rF+}
rCorr    .         Harm     .   (gloves unavailable)
MR       +++..                  (boots unavailable)
Stlth    ++++++++..             (no amulet)
HPRegen  0.20/turn              m - ring of protection from magic
MPRegen  0.20/turn              v - ring of stealth {Stlth+}

@: gold aura, very quick
A: very small, unfitting armour, camouflage 1, see invisible, agile 1,
herbivore, speed 3, mutation resistance 1, slow metabolism 2
a: Potion Petition, Call Merchant, Bribe Branch, Renounce Religion


You were on level 2 of the Orcish Mines.
You worshipped Gozag.
Gozag was most pleased with you.
You were not hungry.

You visited 3 branches of the dungeon, and saw 15 of its levels.
You also visited: Sewer.

You collected 3266 gold pieces.
You spent 586 gold pieces at shops.
You paid 128 gold pieces to Gozag.

Inventory:

Hand Weapons
 a - a +3 rapier of venom (weapon)
Missiles
 c - 2 throwing nets {=f}
 p - 61 poisoned needles
 I - 14 needles of confusion
 M - 6 curare-tipped needles
 N - 10 tomahawks
 O - 4 tomahawks of returning
 Q - 373 stones (quivered)
Armour
 B - a scarf of resistance (worn)
 K - a +2 robe of fire resistance (worn) {rF+}
Jewellery
 m - a ring of protection from magic (left hand)
 v - a ring of stealth (right hand) {Stlth+}
 F - an uncursed ring of protection from fire
Wands
 b - a wand of scattershot (3)
 o - a wand of paralysis (9)
 u - a wand of flame (10)
 D - a wand of digging (6)
 H - a wand of acid (4)
Scrolls
 f - 2 scrolls of fog
 i - 2 scrolls of identify
 n - a scroll of amnesia
 s - a scroll of brand weapon {unknown}
 t - a scroll of teleportation
 w - a scroll of remove curse
 C - a scroll of enchant armour
 E - 3 scrolls of magic mapping {!r}
 L - a scroll of holy word {unknown}
Potions
 d - 3 potions of magic {unknown}
 g - 2 potions of lignification {!q}
 h - a potion of haste
 j - a potion of mutation {!q}
 k - 2 potions of invisibility {unknown}
 l - 6 potions of heal wounds
 q - 4 potions of curing
 r - 3 potions of brilliance
 x - 2 potions of flight {unknown}
 y - a potion of degeneration {unknown}
 z - 2 potions of agility {unknown}
 A - a potion of might {unknown}
 G - a potion of cancellation {unknown}
Miscellaneous
 J - a lightning rod (4/4)
Comestibles
 e - 12 rations


   Skills:
 + Level 6.5 Fighting
 - Level 10.0 Short Blades
 - Level 15.0 Dodging
 + Level 15.5 Stealth
 - Level 9.1 Spellcasting
 - Level 10.0 Hexes
 + Level 3.9 Evocations


You had 17 spell levels left.
You knew the following spells:

 Your Spells              Type           Power        Failure   Level  Hunger
a - Ensorcelled Hibernat  Hex/Ice        ####..       1%          2    None
b - Tukima's Dance        Hex            ######..     1%          3    None
c - Confuse               Hex            ######..     1%          3    None
d - Dazzling Spray        Conj/Hex       ####..       2%          3    None
v - Corona                Hex            ######.      1%          1    None

Your spell library contained the following spells:

 Spells                   Type           Power        Failure   Level  Hunger


Dungeon Overview and Level Annotations

Branches:
Dungeon (12/15)            Temple (1/1) D:6            Lair (0/6) D:11
    Orc (2/2) D:12            Elf (0/3) Orc:2

Altars:
Ashenzari
Cheibriados
Dithmenos
Elyvilon
Fedhas
Gozag
Hepliaklqana
Kikubaaqudgha
Makhleb
Nemelex Xobeh
Okawaru
Qazlal
Ru
Sif Muna
Trog
Uskayaw
Vehumet
Wu Jian
Xom
Yredelemnul
Zin
The Shining One
Beogh

Shops:
D:7 [   D:9 [(*   D:10 !   Orc:2 ([

Portals:
Trove: D:10 (give +2 gold dragon scales)

Annotations:
Orc:2 Saint Roka


Innate Abilities, Weirdness & Mutations

You are very small and have problems with some larger weapons.
You are too small for most types of armour.
You have supernaturally acute eyesight. (SInv)
You are a herbivore.
You cover ground extremely quickly.
You need to consume almost no food.
Your skin changes colour to match your surroundings (Stealth+).
You are agile. (Dex +2)
You are somewhat resistant to further mutation.


Message History

Aim: Saint Roka, wearing a +3 plate armour of cold resistance (lightly wounded, poisoned, confused) Really fire towards near your +3 battleaxe of draining?
Okay, then.
Aim: Saint Roka, wearing a +3 plate armour of cold resistance (lightly wounded, poisoned, confused) Really fire towards near your +3 battleaxe of draining?
The spray of energy hits Saint Roka.
The spray of energy hits the orc warrior.
The orc warrior is dazzled.
* * * LOW MAGIC WARNING * * *
Saint Roka completely misses you. The orc warrior closely misses you.
Your +3 battleaxe of draining drains Saint Roka.
You now have 6/26 mp.
You closely miss the orc warrior.
Saint Roka hits your +3 battleaxe of draining but does no damage.
You hit the orc warrior.
The orc warrior looks as sick as possible!
The orc warrior no longer looks unusually strong.
The orc warrior completely misses you. Saint Roka hits you!!
You die...
Your body crumbles into a pile of gold.

..# #.# .o..8......).....###.##
.## #.# ...oo$...(.'.8...##...#
..###.## ##o###'##8(#o....##.<..
.###...# #.. ####)#....#....
.#.....## #.. #..##........
........### #.. ##............
...##.....##########..)......##..
....#..^#...))...o..$..#.....#...
.#.#...#...)[...@o(...))....)....
...#...##.#......................
....#.###.#...#..)...............
#..#####.....#...................
.### #...........)......#......
.#.## ##........)................
....# #...#....[))...............
.#..####......)....))[...........
.....#..o....#####...............


You could see Saint Roka (confused), an orc warrior (blind) and a friendly +3
battleaxe of draining.

Levels and vault maps discovered:
D:1:      giann_bridges, layout_rooms
D:2:      layout_basic, kennysheep_nondescript, uniq_robin
D:3:      layout_basic, minmay_fractal_squares_5
D:4:      layout_cave_pools, gammafunk_temple_overflow_forgotten, first_ration
D:5:      layout_loops_corners, lemuel_zombie_altar_kikubaaqudgha,
          nicolae_ru_path_of_blood, uniq_edmund, uniq_eustachio
D:6:      layout_loops_corners, minmay_temple_entry_butterflies,
          gup_sewer_entry_spiral, uniq_menkaure, uniq_sigmund, uniq_duvessa
D:7:      layout_cave_pools, slow_altar_2, serial_shops, shop, uniq_joseph
D:8:      layout_basic
D:9:      layout_irregular_city, serial_shops, shop_fountains, shop,
          nicolae_shop_stone, uniq_harold
D:10:     layout_long_grid, basic_altar, serial_shops, shop, enter_trove_0
D:11:     layout_basic, lair_entry_dummy, uniq_grum, uniq_urug, uniq_snorg
D:12:     layout_loops_ring, orc_0_dummy, david_nohive_1, drop_trap,
          uniq_nergalle, uniq_sonja, uniq_kirke, uniq_maurice
Temple:   minmay_crystal_spiral_temple
Orc:1:    layout_caves, serial_shops, shop
Orc:2:    grunt_orc_community_town_hall, layout_caves,
          grunt_orc_community_big_house_1, grunt_orc_community_big_house_2,
          grunt_orc_community_house_2, grunt_orc_community_house_2,
          grunt_orc_community_house_2, grunt_orc_community_house_2,
          grunt_orc_community_house_1, grunt_orc_community_house_3,
          minmay_orc_temple_a
Sewer:    sewer_minmay_treatment

Notes
Turn   | Place    | Note
-------+----------+-------------------------------------------
     0 | D:1      | lepoulpe303 the Spriggan Enchanter began the quest for the
                  | Orb.
     0 | D:1      | Reached XP level 1. HP: 9/9 MP: 5/5
    22 | D:1      | Identified a +0 club
    29 | D:1      | Identified a +0 dagger of venom
    99 | D:1      | Reached XP level 2. HP: 9/13 MP: 6/6
   103 | D:1      | Learned a level 2 spell: Ensorcelled Hibernation
   148 | D:1      | Reached skill level 5 in Stealth
   148 | D:1      | Reached skill level 2 in Short Blades
   214 | D:1      | Identified a +0 dagger
   284 | D:1      | Identified a +0 dagger
   387 | D:1      | Identified a +0 club
   419 | D:1      | Reached XP level 3. HP: 16/16 MP: 8/8
   424 | D:1      | Learned a level 3 spell: Confuse
   749 | D:2      | Identified a +0 dagger
   757 | D:2      | Identified a +0 hunting sling
   770 | D:2      | Identified a +0 club
   788 | D:2      | Identified a +0 spear
   788 | D:2      | Identified a +0 animal skin
   788 | D:2      | Identified a +0 helmet
   788 | D:2      | Noticed Robin
   810 | D:2      | Reached skill level 6 in Stealth
   814 | D:2      | Killed Robin
   814 | D:2      | Reached skill level 3 in Short Blades
   897 | D:2      | Identified a +0 club
   929 | D:2      | Reached XP level 4. HP: 15/21 MP: 9/9
  1485 | D:2      | Identified a +0 dagger
  1656 | D:3      | Identified a +0 club
  1661 | D:3      | Identified a +0 club
  1663 | D:3      | Identified a +0 dagger
  1665 | D:3      | Identified a +0 club
  1793 | D:2      | Identified a +0 rapier (You found it on level 3 of the
                  | Dungeon)
  2231 | D:3      | Identified a +0 mace
  2234 | D:3      | Identified a +0 club
  2235 | D:3      | Identified a +0 short sword
  2257 | D:3      | Identified a +0 club
  2363 | D:3      | Identified a +0 whip
  2407 | D:3      | Identified a +0 club
  2438 | D:3      | Identified a +0 hunting sling
  2438 | D:3      | Identified a +2 war axe of electrocution
  2447 | D:3      | Reached skill level 7 in Stealth
  2470 | D:3      | Reached XP level 5. HP: 21/24 MP: 10/10
  2535 | D:3      | Identified a +0 trident
  2780 | D:3      | Identified a +0 whip
  2781 | D:3      | Identified a +0 club
  2796 | D:3      | Reached skill level 4 in Short Blades
  2817 | D:3      | Identified a +0 flail
  3154 | D:4      | Identified a +0 short sword
  3242 | D:4      | Identified a +0 mace
  3247 | D:4      | Identified a +0 flail
  3250 | D:4      | Identified a +0 dagger
  3250 | D:4      | Identified a +0 robe
  3259 | D:4      | Identified a +0 hand axe
  3259 | D:4      | Identified a +0 chain mail
  3259 | D:4      | Identified a +0 war axe
  3259 | D:4      | Identified a +0 leather armour
  3615 | D:4      | Reached skill level 8 in Stealth
  3636 | D:4      | Reached XP level 6. HP: 28/28 MP: 5/11
  3672 | D:4      | Reached skill level 5 in Short Blades
  3737 | D:4      | Identified 3 scrolls of identify
  3737 | D:4      | Identified a ring of protection from fire (You found it on
                  | level 4 of the Dungeon)
  3791 | D:4      | Reached skill level 3 in Spellcasting
  3816 | D:4      | Reached skill level 4 in Hexes
  3936 | D:4      | Found a hide-covered altar of Uskayaw.
  3936 | D:4      | Found a basalt altar of Yredelemnul.
  3937 | D:4      | Found a burning altar of Makhleb.
  3976 | D:4      | Identified a +1 falchion of electrocution
  4074 | D:4      | Identified a +0 hand axe
  4108 | D:4      | Reached skill level 4 in Spellcasting
  4108 | D:4      | Reached XP level 7. HP: 29/32 MP: 12/14
  4113 | D:4      | Learned a level 3 spell: Tukima's Dance
  4117 | D:4      | Learned a level 3 spell: Dazzling Spray
  4118 | D:4      | Identified a cursed -1 giant club
  4139 | D:4      | Reached skill level 5 in Hexes
  4564 | D:5      | Entered Level 5 of the Dungeon
  4578 | D:5      | Identified a +0 rapier of venom
  4578 | D:5      | Identified a +1 leather armour of magic resistance
  4578 | D:5      | Noticed Eustachio
  4582 | D:5      | Killed Eustachio
  4582 | D:5      | Reached skill level 5 in Spellcasting
  4600 | D:5      | Identified a +0 dagger
  4602 | D:5      | Identified a +0 dagger
  4602 | D:5      | Identified a +0 leather armour
  4604 | D:5      | Identified a +0 ring mail
  4658 | D:5      | Identified a cursed -2 dagger
  4658 | D:5      | Identified a +0 robe
  4666 | D:5      | Reached skill level 6 in Hexes
  4671 | D:5      | Identified a cursed -2 dagger
  4671 | D:5      | Identified a +0 robe
  4671 | D:5      | Identified a +0 dagger
  4671 | D:5      | Identified a +0 leather armour
  4678 | D:5      | Identified a cursed +0 club
  4678 | D:5      | Identified a +0 ring mail
  4788 | D:5      | Identified a +0 shortbow
  4810 | D:5      | Reached skill level 6 in Spellcasting
  4901 | D:5      | Identified a +0 club
  4901 | D:5      | Identified a cursed -2 chain mail
  5106 | D:5      | Identified a +0 giant club
  5113 | D:5      | Reached XP level 8. HP: 36/36 MP: 18/18
  5199 | D:5      | Reached skill level 7 in Hexes
  5226 | D:5      | Identified a +2 dire flail of protection
  5226 | D:5      | Identified a cursed +0 ring mail
  5226 | D:5      | Noticed Edmund
  5241 | D:5      | Killed Edmund
  5342 | D:5      | Reached skill level 7 in Spellcasting
  5394 | D:5      | Identified a +0 trident
  5400 | D:5      | Identified a +0 giant club
  5534 | D:5      | Reached skill level 8 in Hexes
  5724 | D:5      | Found a sacrificial altar of Ru.
  5773 | D:5      | Found an ancient bone altar of Kikubaaqudgha.
  5964 | D:6      | Identified a +0 short sword
  5964 | D:6      | Identified a +4 scale mail of poison resistance
  5964 | D:6      | Noticed Duvessa
  5964 | D:6      | Identified a +1 dagger of venom
  5964 | D:6      | Identified a +0 robe
  5964 | D:6      | Noticed Dowan
  6021 | D:6      | Found a staircase to the Ecumenical Temple.
  6067 | D:6      | Identified a +0 dagger
  6067 | D:6      | Identified a +0 robe
  6067 | D:6      | Identified a +2 dagger of speed
  6067 | D:6      | Identified a +0 robe
  6082 | D:6      | HP: 9/36 [orc wizard/magic dart (5)]
  6083 | D:6      | Reached skill level 8 in Spellcasting
  6306 | D:6      | Identified a +0 club
  6307 | D:6      | Identified a +0 halberd
  6307 | D:6      | Identified a +0 spear
  6541 | D:6      | Killed Dowan
  6556 | D:6      | Killed Duvessa
  6556 | D:6      | Reached skill level 9 in Hexes
  6630 | D:6      | Noticed Menkaure
  6632 | D:6      | Identified a +0 scythe
  6632 | D:6      | Identified a +0 robe
  6632 | D:6      | Noticed Sigmund
  6640 | D:6      | HP: 7/36 [Menkaure (5)]
  6642 | D:6      | Killed Sigmund
  6646 | D:6      | Killed Menkaure
  6646 | D:6      | Reached skill level 9 in Spellcasting
  6646 | D:6      | Reached XP level 9. HP: 8/39 MP: 7/23
  6665 | D:6      | HP: 8/39 [shadow imp/nerve-wracking pain (3)]
  6699 | D:6      | Found a glowing drain.
  6703 | Sewer    | Entered a sewer
  6951 | Sewer    | Identified a +0 short sword
  6951 | Sewer    | Identified a +0 dagger
  6951 | Sewer    | Identified a +0 whip
  7037 | Sewer    | Identified a +0 vampiric whip
  7037 | Sewer    | Identified a +0 dagger
  7215 | Sewer    | Identified a +0 dagger
  7215 | Sewer    | Identified a cursed -1 short sword
  7300 | Sewer    | Identified a +0 club
  7300 | Sewer    | Identified a +0 whip
  7300 | Sewer    | Identified a +0 dagger
  7320 | Sewer    | Reached skill level 1 in Fighting
  7447 | Sewer    | Identified 3 scrolls of teleportation
  7454 | Sewer    | Identified a ring of stealth (You found it on level 4 of
                  | the Dungeon)
  7583 | D:6      | Reached skill level 4 in Dodging
  7884 | D:7      | Found Rodejeit's Antique Armour Boutique.
  7900 | D:7      | Identified a +0 spear
  7906 | D:7      | Identified a +0 halberd
  7912 | D:7      | Identified a +0 flail
  7958 | D:7      | Bought an embroidered scarf for 272 gold pieces
  7999 | Temple   | Entered the Ecumenical Temple
  8100 | Temple   | Identified a scarf of resistance (You bought it in a shop
                  | on level 7 of the Dungeon)
  8276 | D:7      | Identified a +0 quarterstaff
  8276 | D:7      | Identified a +2 hunting sling of flaming
  8276 | D:7      | Identified a cursed +0 leather armour
  8276 | D:7      | Noticed Joseph
  8323 | D:7      | HP: 2/42 [Joseph/+0 quarterstaff (16)]
  8328 | D:7      | Killed Joseph
  8328 | D:7      | Reached skill level 2 in Fighting
  8328 | D:7      | Reached skill level 5 in Dodging
  8725 | D:7      | Identified 6 potions of curing
  8767 | D:7      | Identified a ring of teleportation (You found it on level 7
                  | of the Dungeon)
  8795 | D:7      | Found a snail-covered altar of Cheibriados.
  8823 | D:7      | Identified a +0 flail
  8828 | D:7      | Identified a +0 mace
  9065 | D:8      | Identified a +0 giant club
  9070 | D:8      | Reached skill level 6 in Dodging
  9186 | D:8      | Identified a +0 mace
  9210 | D:8      | Reached skill level 3 in Fighting
  9235 | D:8      | Identified a +0 club
  9235 | D:8      | Identified a +0 leather armour
  9264 | D:8      | Identified a +0 dagger
  9264 | D:8      | Identified a +0 robe
  9275 | D:8      | Identified a +0 ring mail
  9276 | D:8      | Identified a +0 dagger
  9277 | D:8      | Reached skill level 7 in Dodging
  9279 | D:8      | Identified a +0 scale mail
  9288 | D:8      | Identified a cursed -3 giant club
  9288 | D:8      | Identified a +0 giant club
  9288 | D:8      | Noticed a two-headed ogre
  9322 | D:8      | HP: 11/44 [quokka (5)]
  9323 | D:8      | Killed a two-headed ogre
  9323 | D:8      | Reached skill level 9 in Dodging
 10238 | D:9      | Noticed a manticore
 10257 | D:9      | Killed a manticore
 10257 | D:9      | Reached XP level 10. HP: 37/49 MP: 24/24
 10365 | D:9      | Found Xiom's Armour Boutique.
 10368 | D:9      | Reached skill level 10 in Dodging
 10400 | D:9      | Identified a +0 giant club
 10454 | D:9      | Identified a +0 giant spiked club
 10475 | D:9      | Identified a +0 war axe
 10475 | D:9      | Identified a +0 short sword
 10476 | D:9      | Identified a +0 mace
 10566 | D:9      | Found Kicumn's Antique Weapon Boutique.
 10582 | D:9      | Identified 3 scrolls of magic mapping
 10583 | D:9      | Identified 4 scrolls of random uselessness
 10601 | D:9      | Found Vaim's General Store.
 10675 | D:9      | Identified a +0 giant spiked club
 10675 | D:9      | Identified a +0 giant club
 10675 | D:9      | Noticed a two-headed ogre
 10680 | D:9      | Identified a +0 dire flail of protection
 10680 | D:9      | Identified a +2 chain mail of cold resistance
 10680 | D:9      | Noticed Harold
 10690 | D:9      | Killed a two-headed ogre
 10690 | D:9      | Reached skill level 9 in Stealth
 10690 | D:9      | Reached skill level 10 in Hexes
 10798 | D:9      | Killed Harold
 10798 | D:9      | Reached skill level 4 in Fighting
 10798 | D:9      | Reached skill level 6 in Short Blades
 10820 | D:9      | Identified a +0 shortbow
 11312 | D:9      | Identified a +0 shortbow
 11754 | Temple   | Became a worshipper of Gozag Ym Sagoz the Greedy
 11969 | D:10     | Entered Level 10 of the Dungeon
 12003 | D:10     | Reached skill level 11 in Dodging
 12003 | D:10     | Reached skill level 10 in Stealth
 12135 | D:10     | Identified a +0 ring mail
 12135 | D:10     | Identified a cursed -2 dagger
 12135 | D:10     | Identified a +0 robe
 12135 | D:10     | Identified a +0 dagger
 12135 | D:10     | Identified a +0 robe
 12135 | D:10     | Identified a +2 flail of draining
 12135 | D:10     | Identified a +0 leather armour
 12210 | D:9      | Identified 2 scrolls of amnesia
 12211 | D:9      | Identified 2 scrolls of enchant armour
 12212 | D:9      | Identified 2 scrolls of enchant weapon
 12213 | D:9      | Identified 2 scrolls of fog
 12214 | D:9      | Identified a scroll of blinking
 12215 | D:9      | Identified a scroll of remove curse
 12219 | D:9      | Identified an amulet of inaccuracy (You found it on level 8
                  | of the Dungeon)
 12414 | D:10     | Found a shimmering altar of Xom.
 12429 | D:10     | Identified 3 potions of brilliance
 12430 | D:10     | Identified 3 potions of berserk rage
 12432 | D:10     | Identified 3 potions of mutation
 12452 | D:10     | Found Orriroij's Distillery.
 12455 | D:10     | Found a portal to a secret trove of treasure.
 12608 | D:10     | Reached skill level 7 in Short Blades
 12641 | D:10     | Reached XP level 11. HP: 22/54 MP: 22/25
 12643 | D:10     | HP: 12/54 [yak (10)]
 13351 | D:11     | Noticed Snorg
 13379 | D:11     | Reached skill level 5 in Fighting
 13465 | D:11     | Identified a +3 great sword of slicing
 13465 | D:11     | Identified a +0 scale mail
 13465 | D:11     | Noticed Urug
 13476 | D:11     | Killed Urug
 13476 | D:11     | Reached skill level 11 in Stealth
 13604 | D:11     | Identified 8 potions of heal wounds
 13667 | D:11     | Killed Snorg
 13709 | D:10     | Reached skill level 12 in Dodging
 14013 | D:11     | Identified a +0 vampiric spear
 14013 | D:11     | Identified a +0 animal skin
 14013 | D:11     | Noticed Grum
 14049 | D:11     | Killed Grum
 14182 | D:11     | Identified a +0 dire flail
 14182 | D:11     | Identified a +0 plate armour
 14199 | D:11     | Identified a +0 hand axe
 14205 | D:11     | Identified a +0 war axe
 14205 | D:11     | Identified a +0 robe
 14207 | D:11     | Reached skill level 8 in Short Blades
 14517 | D:11     | Identified a +0 quarterstaff
 14923 | D:11     | Reached skill level 12 in Stealth
 14935 | D:11     | Found a staircase to the Lair.
 14940 | D:11     | Identified a +0 shortbow
 14945 | D:11     | Identified a +0 mace
 14977 | D:11     | Identified a +0 shortbow
 15003 | D:11     | Identified a +0 shortbow
 15486 | D:9      | Bought a +2 robe of fire resistance for 194 gold pieces
 15535 | D:10     | Bought a potion of mutation for 120 gold pieces
 15535 | D:10     | Gained mutation: You do not regenerate when monsters are
                  | visible. [potion of mutation]
 15535 | D:10     | Gained mutation: You have sharp fingernails. [potion of
                  | mutation]
 15536 | D:10     | Lost mutation: You have sharp fingernails. [potion of
                  | mutation]
 15536 | D:10     | Gained mutation: Your skin changes colour to match your
                  | surroundings (Stealth+). [potion of mutation]
 15536 | D:10     | Gained mutation: Your flesh is heat resistant. (rF+)
                  | [potion of mutation]
 15537 | D:10     | Lost mutation: Your flesh is heat resistant. (rF+) [potion
                  | of mutation]
 15537 | D:10     | Lost mutation: You do not regenerate when monsters are
                  | visible. [potion of mutation]
 15537 | D:10     | Gained mutation: You are agile. (Dex +2) [potion of
                  | mutation]
 15537 | D:10     | Gained mutation: You are somewhat resistant to further
                  | mutation. [potion of mutation]
 15610 | D:12     | Reached skill level 6 in Fighting
 15610 | D:12     | Identified a +0 dagger
 15610 | D:12     | Identified a +0 cloak
 15610 | D:12     | Noticed Maurice
 15611 | D:12     | Identified a cursed -3 giant club
 15643 | D:12     | Killed Maurice
 15668 | D:12     | Reached skill level 13 in Dodging
 15783 | D:11     | HP: 13/56 [slime creature (13)]
 16032 | D:10     | Identified 2 potions of lignification
 16034 | D:10     | Identified a ring of protection from magic (You found it on
                  | level 10 of the Dungeon)
 16093 | D:12     | Reached skill level 9 in Short Blades
 16423 | D:12     | Reached XP level 12. HP: 61/61 MP: 26/26
 16479 | D:12     | Found a staircase to the Orcish Mines.
 16669 | D:12     | Noticed Kirke
 16675 | D:12     | Killed Kirke
 16675 | D:12     | Reached skill level 13 in Stealth
 16840 | D:12     | Identified a +0 dagger
 16840 | D:12     | Identified a +0 robe
 16840 | D:12     | Noticed Nergalle
 16850 | D:12     | Killed Nergalle
 16992 | D:12     | Identified a +0 shortbow
 17059 | D:12     | Identified a +0 giant club
 17089 | D:12     | Reached skill level 14 in Dodging
 17152 | D:12     | Reached skill level 10 in Short Blades
 17173 | D:12     | Identified a +0 short sword of draining
 17173 | D:12     | Identified a +0 blowgun
 17173 | D:12     | Noticed Sonja
 17184 | D:12     | Killed Sonja
 17184 | D:12     | Reached skill level 14 in Stealth
 17300 | Orc:1    | Entered Level 1 of the Orcish Mines
 17325 | Orc:1    | Identified a +0 giant club
 17330 | Orc:1    | Identified a +0 hand axe
 17330 | Orc:1    | Identified a +0 chain mail
 17331 | Orc:1    | Identified a +0 dagger
 17331 | Orc:1    | Identified a +0 mace
 17331 | Orc:1    | Identified a +0 chain mail
 17345 | Orc:1    | Identified a +0 giant club
 17357 | Orc:1    | Identified a +0 giant club
 17982 | Orc:2    | Entered Level 2 of the Orcish Mines
 18045 | Orc:2    | Found a roughly hewn altar of Beogh.
 18045 | Orc:2    | Identified a +0 dagger
 18045 | Orc:2    | Identified a +0 robe
 18045 | Orc:2    | Identified a +0 dagger
 18045 | Orc:2    | Identified a +0 leather armour
 18045 | Orc:2    | Identified a +0 club
 18088 | Orc:2    | Identified a +0 flail
 18088 | Orc:2    | Identified a +0 trident
 18089 | Orc:2    | Identified a +2 flail of protection
 18091 | Orc:2    | Identified a +0 flail
 18091 | Orc:2    | Identified a +0 ring mail
 18091 | Orc:2    | Identified a +0 club
 18108 | Orc:2    | Identified a +0 whip
 18108 | Orc:2    | Identified a +0 dagger of venom
 18108 | Orc:2    | Identified a +0 robe
 18135 | Orc:2    | Identified a +0 trident
 18135 | Orc:2    | Identified a +0 plate armour
 18138 | Orc:2    | Identified a +0 club
 18138 | Orc:2    | Identified a +0 scale mail
 18147 | Orc:2    | Identified a +0 dire flail
 18147 | Orc:2    | Identified a +0 plate armour
 18281 | Orc:2    | Found a roughly hewn altar of Beogh.
 18281 | Orc:2    | Identified a +0 dagger
 18281 | Orc:2    | Identified a +0 robe
 18281 | Orc:2    | Identified a +0 club
 18281 | Orc:2    | Identified a +0 chain mail
 18281 | Orc:2    | Identified a +0 war axe
 18281 | Orc:2    | Identified a +0 plate armour
 18281 | Orc:2    | Identified a +0 hand axe
 18281 | Orc:2    | Identified a +0 leather armour
 18308 | Orc:2    | Identified a +0 giant spiked club
 18358 | Orc:2    | Identified a +0 dagger
 18358 | Orc:2    | Identified a +0 robe
 18365 | Orc:2    | Identified a +2 hand axe of flaming
 18365 | Orc:2    | Identified a +0 ring mail
 18381 | Orc:2    | Identified a +0 dagger
 18381 | Orc:2    | Identified a +0 chain mail
 18387 | Orc:2    | Identified a +0 short sword of venom
 18387 | Orc:2    | Identified a cursed +0 leather armour
 18467 | Orc:2    | Identified a +0 dagger
 18467 | Orc:2    | Identified a +0 robe
 18473 | Orc:2    | Identified a +0 club
 18473 | Orc:2    | Identified a +0 flail
 18473 | Orc:2    | Identified a +0 chain mail
 18473 | Orc:2    | Identified a +0 whip
 18518 | Orc:2    | Identified a +0 trident
 18536 | Orc:2    | Found a roughly hewn altar of Beogh.
 18536 | Orc:2    | Identified a +0 hand axe
 18539 | Orc:2    | Identified a +0 club
 18640 | Orc:2    | Identified a +0 short sword
 18640 | Orc:2    | Identified a +0 leather armour
 18668 | Orc:2    | Identified a +0 whip
 18668 | Orc:2    | Identified a +0 leather armour
 18669 | Orc:2    | Identified a cursed -1 flail
 18683 | Orc:2    | Identified a +0 mace
 18709 | Orc:2    | Identified a +0 giant club
 18709 | Orc:2    | Identified a +0 giant club
 18709 | Orc:2    | Noticed a two-headed ogre
 18736 | Orc:2    | Killed a two-headed ogre
 18755 | Orc:2    | Identified a +0 glaive
 18755 | Orc:2    | Identified a +4 plate armour
 18759 | Orc:2    | Identified a +0 hand axe
 18759 | Orc:2    | Identified a +0 scale mail
 18761 | Orc:2    | Identified a +0 flail
 18802 | Orc:2    | Identified a +0 halberd
 18802 | Orc:2    | Identified a +0 plate armour
 18806 | Orc:2    | Identified a +0 flail
 18855 | Orc:2    | Identified a +2 mace of protection
 18855 | Orc:2    | Identified a +0 leather armour
 18855 | Orc:2    | Identified a +0 flail
 18855 | Orc:2    | Identified a +0 chain mail
 18858 | Orc:2    | Reached skill level 15 in Stealth
 18864 | Orc:2    | Found a roughly hewn altar of Beogh.
 18864 | Orc:2    | Identified a +0 whip of distortion
 18864 | Orc:2    | Identified a +0 leather armour
 18864 | Orc:2    | Identified a +0 short sword
 18864 | Orc:2    | Identified a +0 chain mail
 18864 | Orc:2    | Identified a +0 club
 18874 | Orc:2    | Identified a +0 dagger
 18874 | Orc:2    | Identified a +0 robe
 18884 | Orc:2    | Reached skill level 15 in Dodging
 18892 | Orc:2    | Reached skill level 1 in Evocations
 18942 | Orc:2    | Identified a cursed -2 giant club
 18947 | Orc:2    | Identified a +0 dagger
 18947 | Orc:2    | Identified a +0 robe
 18948 | Orc:2    | Identified a +0 scimitar
 18948 | Orc:2    | Identified a +4 plate armour
 18948 | Orc:2    | Identified a +0 club
 18954 | Orc:2    | Identified a +2 leather armour of cold resistance
 18984 | Orc:2    | Identified a +0 flail
 18984 | Orc:2    | Identified a +0 chain mail
 18989 | Orc:2    | Identified a +0 mace
 18989 | Orc:2    | Identified a +0 leather armour
 19009 | Orc:2    | Identified a +0 leather armour
 19232 | Orc:2    | Identified a +0 dagger
 19232 | Orc:2    | Identified a cursed +0 robe
 19233 | Orc:2    | Found a roughly hewn altar of Beogh.
 19234 | Orc:2    | Identified a +0 dagger
 19234 | Orc:2    | Identified a +0 robe
 19271 | Orc:2    | Identified a +0 leather armour
 19332 | Orc:2    | Found a roughly hewn altar of Beogh.
 19332 | Orc:2    | Identified a +0 scimitar
 19332 | Orc:2    | Identified a +0 chain mail
 19332 | Orc:2    | Identified a +0 dagger
 19332 | Orc:2    | Identified a +0 robe
 19332 | Orc:2    | Identified a +0 whip
 19341 | Orc:2    | Reached skill level 2 in Evocations
 19490 | Orc:2    | Identified a +0 dagger
 19490 | Orc:2    | Identified a +0 leather armour
 19511 | Orc:2    | Identified a +0 mace
 19511 | Orc:2    | Identified a +0 plate armour
 19512 | Orc:2    | Identified a +0 flail
 19512 | Orc:2    | Identified a +0 chain mail
 19515 | Orc:2    | Identified a +0 halberd
 19515 | Orc:2    | Identified a +0 chain mail
 19515 | Orc:2    | Identified a +0 dagger
 19515 | Orc:2    | Identified a +0 robe
 19515 | Orc:2    | Identified a +2 glaive of protection
 19515 | Orc:2    | Identified a +0 chain mail
 19515 | Orc:2    | Identified a +0 dire flail
 19515 | Orc:2    | Identified a +0 plate armour
 19515 | Orc:2    | Identified a cursed +0 dire flail
 19515 | Orc:2    | Identified a +0 plate armour
 19515 | Orc:2    | Identified a +0 dire flail
 19515 | Orc:2    | Identified a +0 plate armour
 19516 | Orc:2    | Identified a +0 hand axe
 19516 | Orc:2    | Identified a +0 plate armour
 19517 | Orc:2    | Identified a +0 halberd
 19517 | Orc:2    | Identified a +0 chain mail
 19517 | Orc:2    | Identified a +0 falchion
 19518 | Orc:2    | Identified a +0 flail
 19578 | Orc:2    | Identified a +0 dire flail
 19578 | Orc:2    | Identified a +0 chain mail
 19656 | Orc:2    | Identified a +0 flail
 19782 | Orc:2    | Identified a +0 flail
 19782 | Orc:2    | Identified a +0 ring mail
 19812 | Orc:2    | Identified a +0 hand axe
 19812 | Orc:2    | Identified a +0 ring mail
 19833 | Orc:2    | Identified a +0 war axe
 19833 | Orc:2    | Identified a +0 chain mail
 19835 | Orc:2    | Identified a +0 war axe
 19835 | Orc:2    | Noticed an orc high priest
 19903 | Orc:2    | Identified a +3 flail
 19903 | Orc:2    | Identified a +0 plate armour
 19903 | Orc:2    | Identified a +0 dagger
 19903 | Orc:2    | Identified a +0 robe
 19904 | Orc:2    | Identified a +3 battleaxe of draining
 19904 | Orc:2    | Identified a +3 plate armour of cold resistance
 19904 | Orc:2    | Noticed Saint Roka
 19905 | Orc:2    | Identified a +0 scimitar
 19905 | Orc:2    | Identified a +0 chain mail
 19905 | Orc:2    | Identified a +0 leather armour
 20087 | Orc:2    | Identified a +0 dagger
 20087 | Orc:2    | Identified a +0 robe of positive energy
 20087 | Orc:2    | Identified a +0 mace
 20088 | Orc:2    | Identified a +0 dagger
 20088 | Orc:2    | Identified a +0 leather armour
 20090 | Orc:2    | Identified a +0 flail
 20094 | Orc:2    | Identified a +0 leather armour
 20141 | Orc:2    | Reached skill level 3 in Evocations
 20258 | Orc:2    | Identified a +0 ring mail
 20298 | Orc:2    | Identified a +0 dagger
 20298 | Orc:2    | Identified a +0 robe
 20478 | Orc:2    | Identified a +0 dagger
 20478 | Orc:2    | Identified a +0 short sword
 20479 | Orc:2    | Identified a +0 giant club
 20507 | Orc:2    | Found a staircase to the Elven Halls.
 20531 | Orc:2    | Identified a +0 giant spiked club
 20560 | Orc:2    | Found a roughly hewn altar of Beogh.
 20560 | Orc:2    | Identified a +2 war axe of freezing
 20560 | Orc:2    | Identified a +0 chain mail
 20560 | Orc:2    | Identified a +0 glaive
 20560 | Orc:2    | Identified a +0 plate armour
 20560 | Orc:2    | Identified a +0 mace
 20560 | Orc:2    | Identified a +0 dagger
 20560 | Orc:2    | Identified a +0 chain mail
 20561 | Orc:2    | Found Sapp's Weapon Boutique.
 20561 | Orc:2    | Identified a +0 hand axe
 20561 | Orc:2    | Identified a +1 flail of holy wrath
 20561 | Orc:2    | Identified a +0 dagger
 20561 | Orc:2    | Identified a +0 robe
 20561 | Orc:2    | Identified a +0 hand axe
 20561 | Orc:2    | Identified a +0 dagger of electrocution
 20561 | Orc:2    | Identified a +2 robe
 20685 | Orc:2    | Found a roughly hewn altar of Beogh.
 20685 | Orc:2    | Identified a +0 dagger
 20685 | Orc:2    | Identified a +0 robe
 20685 | Orc:2    | Identified a +0 short sword
 20685 | Orc:2    | Identified a +0 ring mail
 21012 | Orc:2    | HP: 13/62 [sixfirhy[an orc high priest] (9)]
 21031 | Orc:2    | HP: 10/62 [sixfirhy[an orc high priest] (11)]
 21038 | Orc:2    | Identified a +0 hand axe
 21038 | Orc:2    | Identified a +0 scale mail
 21265 | Orc:2    | Found Sekam's Antique Armour Shop.
 21415 | Orc:2    | Mangled by Saint Roka

Table legend:
 A = Turns spent in this place as a percentage of turns spent in the entire game.
 B = Non-inter-level travel turns spent in this place as a percentage of non-inter-level travel turns spent in the entire game.
 C = Inter-level travel turns spent in this place as a percentage of turns spent in this place.
 D = Turns resting spent in this place as a percentage of non-inter-level travel turns spent in this place.
 E = Turns spent auto-exploring this place as a percentage of non-inter-level travel turns spent in this place.
 F = Non-inter-level travel turns spent in this place divided by the number of levels of this place that you've seen.
                   A       B       C       D       E      F
               +-------+-------+-------+-------+-------+----------------------
         Total | 100.0 | 100.0 |   7.0 |  28.4 |  38.1 | 1244.5
       Dungeon |  76.0 |  76.3 |   6.6 |  28.2 |  42.2 | 1266.0
        Temple |   2.5 |   0.5 |  80.1 |   0.0 |  83.8 | 105.0
  Orcish Mines |  17.9 |  19.3 |   0.0 |  29.5 |  21.1 | 1918.5
         Sewer |   3.6 |   3.9 |   0.0 |  30.1 |  37.4 | 778.0
               +-------+-------+-------+-------+-------+----------------------

Table legend:
 A = Kills in this place as a percentage of kills in entire the game.
 B = Kills by you in this place as a percentage of kills by you in the entire game.
 C = Kills by friends in this place as a percentage of kills by friends in the entire game.
 D = Other kills in this place as a percentage of other kills in the entire game.
 E = Experience gained in this place as a percentage of experience gained in the entire game.
 F = Experience gained in this place divided by the number of levels of this place that you have seen.
                   A       B       C       D       E      F
               +-------+-------+-------+-------+-------+----------------------
         Total | 100.0 | 100.0 | 100.0 | 100.0 | 100.0 | 2300.7
       Dungeon |  67.3 |  67.0 | 100.0 | 100.0 |  76.1 | 2332.9
  Orcish Mines |  23.4 |  23.6 |   0.0 |   0.0 |  23.0 | 4234.5
         Sewer |   9.4 |   9.4 |   0.0 |   0.0 |   0.9 | 347.0
               +-------+-------+-------+-------+-------+----------------------

Skill      XL: |  1  2  3  4  5  6  7  8  9 10 11 12 |
---------------+-------------------------------------+-----
Stealth        | 5 6 7 8 10 12 15 | 15.5
Short Blades   | 2 3 4 5 7 9 10 | 10.0
Spellcasting   | 4 6 9 |  9.1
Hexes          | 4 6 9 10 | 10.0
Fighting       | 3 4 6 |  6.5
Dodging        | 9 11 13 15 | 15.0
Evocations     | 3 |  3.9

Action                   |  1- 3 |  4- 6 |  7- 9 | 10-12 || total
-------------------------+-------+-------+-------+-------++-------
Melee: Dagger            |    82 |   177 |    16 |       ||   275
       Rapier            |       |    28 |   417 |   832 ||  1277
Throw: Stone             |     1 |       |       |     8 ||     9
 Cast: Corona            |     1 |       |       |       ||     1
       Confuse           |     3 |     8 |    29 |    84 ||   124
       Ensorcelled Hiber |       |     8 |    12 |    93 ||   113
       Dazzling Spray    |       |       |    25 |    32 ||    57
       Tukima's Dance    |       |       |       |     4 ||     4
Evoke: Wand              |       |       |       |     2 ||     2
  Use: Scroll            |       |     1 |     3 |    19 ||    23
       Potion            |       |       |       |    10 ||    10
 Stab: Sleeping          |    15 |    12 |    37 |    68 ||   132
       Confused          |     2 |     6 |    14 |    57 ||    79
       Distracted        |       |     3 |     1 |    13 ||    17
       Invisible         |       |       |     5 |    13 ||    18
  Eat: Ration            |       |     1 |     4 |     6 ||    11
Armor: Robe              |     6 |    16 |    26 |    17 ||    65
Dodge: Dodged            |    53 |   148 |   309 |   708 ||  1218

Vanquished Creatures
  Kirke (D:12)
  Snorg (D:11)
  Harold (D:9)
  3 two-headed ogres
  Urug (D:11)
  Sonja (D:12)
  Nergalle (D:12)
  A manticore (D:9)
  2 cyclopes
  2 orc sorcerers (Orc:2)
  Maurice (D:12)
  A centaur zombie (D:10)
  Joseph (D:7)
  A komodo dragon (D:12)
  5 trolls
  4 slime creatures
  A raiju (shapeshifter) (D:11)
  A hippogriff (D:12)
  17 yaks
  Sigmund (D:6)
  A wraith (D:10)
  A wyvern (D:12)
  Grum (D:11)
  A vampire (D:10)
  Eustachio (D:5)
  4 wargs (Orc:2)
  Menkaure (D:6)
  Edmund (D:5)
  An ice beast (D:12)
  2 sky beasts
  Duvessa (D:6)
  23 orc warriors
  3 phantoms
  A necrophage (D:9)
  7 centaurs
  3 wolves (D:11)
  15 ogres
  2 big kobolds (Sewer)
  A bullfrog (D:12)
  A wyvern zombie (D:10)
  Dowan (D:6)
  2 scorpions
  37 killer bees
  4 howler monkeys
  A bullfrog zombie (D:4)
  10 crimson imps
  4 jellies
  2 centaur skeletons
  15 orc priests
  4 hounds
  4 bullfrog skeletons
  4 iguanas
  23 orc wizards
  11 worker ants
  A hound skeleton (D:5)
  A worker ant zombie (D:5)
  Robin (D:2)
  20 adders
  A howler monkey skeleton (D:11)
  3 river rats (Sewer)
  10 gnolls
  2 shadow imps
  2 oozes
  An adder zombie (D:9)
  An adder skeleton (D:8)
  5 worms
  A dart slug (D:1)
  8 leopard geckos
  83 orcs
  4 ball pythons
  11 bats
  A bat zombie (D:5)
  13 giant cockroaches
  18 goblins
  8 hobgoblins
  5 jackals
  5 quokkas
  6 frilled lizards
  A jackal skeleton (D:8)
  21 kobolds
  37 rats
  A rat zombie (D:5)
511 creatures vanquished.

Vanquished Creatures (collateral kills)
  An orc wizard (D:11)
1 creature vanquished.

Vanquished Creatures (others)
  A queen bee (D:12)
  5 humans (D:12)
6 creatures vanquished.

Grand Total: 518 creatures vanquished
